 Dungeon Sprint DCSS version 0.32-a0-42-ga30500b4d3 (webtiles) character file.

Game seed: 6812249342383049629

226 rocky1 the Ducker (level 5, -5/53 HPs)
             Began as a Troll Alchemist on Jan 29, 2024.
             Was an Initiate of Gozag.
             Slain by a gnoll sergeant
             ... wielding a +1 trident of venom
              (11 damage)
             ... in the Dungeon (Sprint VII: "The Pits").
             The game lasted 00:01:43 (202 turns).

rocky1 the Ducker (Troll Alchemist)                  Turns: 202, Time: 00:01:44

Health: -5/53      AC:  4    Str: 18    XL:     5   Next: 69%
Magic:  5/8        EV: 10    Int: 11    God:    Gozag
Gold:   432        SH:  0    Dex: 10    Spells: 9/10 levels left

rFire   . .          .
                       - Unarmed
rCold   . . .        (no shield)
rNeg    . . .        a - +0 robe
rPois   .            (helmet restricted)
rElec   .            (no cloak)
rCorr   .            (gloves unavailable)
SInv    .            (boots unavailable)
Will    .....        (no amulet)
Stlth   ++           (no ring)
HPRegen 1.08/turn    (no ring)
MPRegen 0.11/turn

%: no teleportation
@: lethally poisoned (-5 -> -7)
A: large, unfitting armour, claws 3, regeneration 1, shaggy fur 1, tough skin 1
a: Renounce Religion, Potion Petition, Call Merchant, Bribe Branch


You were in the Dungeon.
You worshipped Gozag.
Gozag was aware of your devotion.
You visited 1 branch You collected 432 gold pieces.

Inventory:

Armour
 a - a +0 robe (worn)
Scrolls
 g - a scroll of blinking
 i - 2 scrolls of vulnerability
 j - 5 scrolls of amnesia
 k - a scroll of butterflies
Potions
 b - 5 potions of magic
 c - 5 potions of curing
 d - 3 potions of heal wounds
 e - a potion of haste
 f - 3 potions of berserk rage
 h - 2 potions of invisibility


   Skills:
 + Level 3.5 Fighting
 + Level 4.1 Dodging
 + Level 2.8 Stealth
 + Level 4.1 Unarmed Combat
 + Level 3.0 Spellcasting
 + Level 3.2 Conjurations
 + Level 4.0 Alchemy


You had 9 spell levels left.
You knew the following spells:

 Your Spells              Type           Power      Damage    Failure   Level
a - Sting                 Conj/Alch      36%        1d5       6%          1

Your spell library contained the following spells:

 Spells                   Type           Power      Damage    Failure   Level
 Mercury Vapours          Alch/Air       12%        N/A       17%         2
 Mephitic Cloud           Conj/Alch/Air  7%         N/A       28%         3
 Olgreb's Toxic Radiance  Alch           10%        N/A       45%         4
 Sticky Flame             Fire/Alch      6%         2d4       75%         4


Dungeon Overview and Level Annotations

Branches:
Dungeon (1/1)

Altars:
Ashenzari
Cheibriados
Dithmenos
Elyvilon
Fedhas
Gozag
Hepliaklqana
Kikubaaqudgha
Makhleb
Nemelex Xobeh
Okawaru
Qazlal
Ru
Sif Muna
Trog
Uskayaw
Vehumet
Wu Jian
Xom
Yredelemnul
Zin
The Shining One
Jiyva
Lugonu


Innate Abilities, Weirdness & Mutations

You are too large for most types of armour.
You have claws for hands.
Your natural rate of healing is unusually fast.
You are covered in fur. (AC +1)
You have tough skin. (AC +1)


Message History

Your Spellcasting skill increases to level 3!
Your Alchemy skill increases to level 4!
The gnoll sergeant hits you with a +1 trident of venom!
You are poisoned.
Things that are here:
225 gold pieces; a +0 giant spiked club You closely miss the gnoll sergeant.
The gnoll shouts! x2
You claw the gnoll sergeant.
The gnoll sergeant is lightly wounded.
You feel very sick.
The gnoll is no longer distracted by gold.
The gnoll sergeant hits you with a +1 trident of venom!
* * * LOW HITPOINT WARNING * * *
You feel better.
The gnoll is no longer distracted by gold.
The gnoll sergeant completely misses you.
You feel much better. The gnoll sergeant barely misses you.
The gnoll is distracted by your dazzling golden aura.
Unknown command.
You barely miss the gnoll sergeant.
The gnoll sergeant is lightly wounded.
The gnoll shouts!
The gnoll sergeant hits you with a +1 trident of venom!
You closely miss the gnoll sergeant.
The gnoll sergeant is lightly wounded.
The gnoll sergeant hits you with a +1 trident of venom!
You are poisoned.
You claw the gnoll sergeant!
The gnoll sergeant is heavily wounded.
You feel very sick.
The gnoll sergeant hits you with a +1 trident of venom!
* * * LOW HITPOINT WARNING * * *
You closely miss the gnoll sergeant.
The gnoll sergeant is heavily wounded.
You feel sick.
The gnoll is no longer distracted by gold.
The gnoll sergeant hits you with a +1 trident of venom!
You die...
Your body crumbles into a pile of gold.

#'#####'#####.....
#.#..#...'.##.....
#.#..#...#.#####'#
#.#..#####.##.....
#.#..'...#.##.....
#.#..'..)'.##.....
#.#..########...<.
#.#.)'[))).##.....
#@#..#[))).##.....
#g###########.....
#gg# ######
#ogg.g..#
##.#.#g## .....
.#.#.# ......# .#
#..+


You could see a gnoll sergeant, 4 gnolls and an orc.

Vanquished Creatures
  A water moccasin (D)
  An ogre (D)
  An iguana (D)
  An adder (D)
  An endoplasm (D)
  2 kobolds (D)
  2 ball pythons (D)
  A bat (D)
  2 frilled lizards (D)
12 creatures vanquished.

Notes
Turn   | Place    | Note
-------+----------+-------------------------------------------
     0 | D        | rocky1 the Troll Alchemist began the quest for the Orb.
     0 | D        | Reached XP level 1. HP: 16/16 MP: 1/1
    20 | D        | Found a bloodstained altar of Trog.
    20 | D        | Found a shimmering blue altar of Sif Muna.
    20 | D        | Found a viscous altar of Jiyva.
    20 | D        | Found a hazy altar of Hepliaklqana.
    20 | D        | Found an opulent altar of Gozag.
    43 | D        | Found a glowing golden altar of the Shining One.
    43 | D        | Found a glowing silver altar of Zin.
    43 | D        | Found a basalt altar of Yredelemnul.
    43 | D        | Found a shimmering altar of Xom.
    43 | D        | Found an ornate altar of the Wu Jian Council.
    43 | D        | Found a sacrificial altar of Ru.
    43 | D        | Found a stormy altar of Qazlal.
    43 | D        | Found an iron altar of Okawaru.
    43 | D        | Found a sparkling altar of Nemelex Xobeh.
    43 | D        | Found a burning altar of Makhleb.
    43 | D        | Found a blossoming altar of Fedhas.
    43 | D        | Found a white marble altar of Elyvilon.
    43 | D        | Found a shadowy altar of Dithmenos.
    43 | D        | Found a snail-covered altar of Cheibriados.
    46 | D        | Found a corrupted altar of Lugonu.
    46 | D        | Found a radiant altar of Vehumet.
    47 | D        | Found an ancient bone altar of Kikubaaqudgha.
    47 | D        | Found a hide-covered altar of Uskayaw.
    47 | D        | Found a broken altar of Ashenzari.
    50 | D        | Became a worshipper of Gozag Ym Sagoz the Greedy
    84 | D        | Reached skill level 1 in Fighting
    84 | D        | Reached skill level 1 in Unarmed Combat
    84 | D        | Reached skill level 1 in Conjurations
    84 | D        | Reached XP level 2. HP: 20/27 MP: 1/3
   165 | D        | Noticed an ogre
   166 | D        | Noticed a water moccasin
   167 | D        | Noticed a gnoll sergeant
   181 | D        | Killed a water moccasin
   182 | D        | Reached XP level 3. HP: 13/36 MP: 3/5
   182 | D        | Reached XP level 4. HP: 16/44 MP: 3/6
   182 | D        | HP: 1/44 [ogre/+0 giant spiked club (14)]
   189 | D        | Killed an ogre
   190 | D        | Reached XP level 5. HP: 28/53 MP: 3/8
   202 | D        | Slain by a gnoll sergeant

Illustrated notes

Levels and vault maps discovered:
D:        pitsprint [storerooms_1, entrance_room_1, metal_vault_2, armoury_1,
          mini_pit_1, grid_room_1, main_hall_1, silver_pit, the_coven_2,
          the_vestibule_1, steel_vault_3, golden_pit, hallway_of_sentries,
          crystal_vault_6, iron_vault_1, final_vault]

Skill      XL: |  1  2  3  4  5 |
---------------+----------------+-----
Fighting       | 1 2 3 |  3.5
Dodging        | 2 3 4 |  4.1
Unarmed Combat | 1 3 4 |  4.1
Conjurations   | 1 2 3 |  3.2
Stealth        | 2 |  2.8
Spellcasting   | 2 3 |  3.0
Alchemy        | 3 4 |  4.0

Action                     |  1- 3 |  4- 6 || total
---------------------------+-------+-------++-------
  Melee: Unarmed           |    35 |    16 ||    51
         Punch             |       |     2 ||     2
    Use: Potion            |       |     4 ||     4
   Stab: Sleeping          |     2 |       ||     2
         Distracted        |       |     1 ||     1
 Armour: Robe              |    26 |    10 ||    36
  Dodge: Dodged            |    22 |     6 ||    28

Table legend: (Time is in decaauts)
 A = Elapsed time spent in this place.
 B = Non-inter-level travel time spent in this place.
 C = Inter-level travel time spent in this place.
 D = Time resting spent in this place.
 E = Time spent auto-exploring this place.
 F = Levels seen in this place.
 G = Mean time per level.
                   A        B        C        D        E       F      G
               +--------+--------+--------+--------+--------+-----+--------+
         Total |    200 |    182 |     18 |      0 |      0 |   1 |  200.0 |
       Dungeon |    200 |    182 |     18 |      0 |      0 |   1 |  200.0 |
               +--------+--------+--------+--------+--------+-----+--------+

Top non-repeatable levels by time:
       D: 200 daAuts
